 Dungeon Crawl Stone Soup version 0.31-a0-1010-g5322dac (webtiles) character file.

Game seed: 8456630791833387003

6 Coin the Trooper (level 1, 20/20 HPs)
             Began as a Hill Orc Fighter on Nov 15, 2023.
             Quit the game on level 1 of the Dungeon on Nov 16, 2023.
             The game lasted 00:05:30 (57 turns).

Coin the Trooper (Hill Orc Fighter)                   Turns: 57, Time: 00:05:30

Health: 20/20      AC:  6    Str: 18    XL:     1   Next: 90%
Magic:  1/1        EV:  9    Int:  8    God:
Gold:   0          SH:  4    Dex: 10    Spells: 0/0 levels left

rFire   . . .        a - +0 flail
rCold   . . .        c - +0 buckler
rNeg    . . .        b - +0 scale mail
rPois   .            (no helmet)
rElec   .            (no cloak)
rCorr   .            (no gloves)
SInv    .            (no boots)
Will    .....        (no amulet) Stlth
                     (no ring)
HPRegen 0.23/turn    (no ring)
MPRegen 0.07/turn

%: no passive effects
@: no status effects
A: no striking features
a: no special abilities


You were on level 1 of the Dungeon.
You visited 1 branch of the dungeon, and saw 1 of its levels.

Inventory:

Hand Weapons
 a - a +0 flail (weapon)
Armour
 b - a +0 scale mail (worn)
 c - a +0 buckler (worn)
Potions
 d - a potion of might
 e - a potion of heal wounds {unknown}


   Skills:
 - Level 4.0 Fighting
 - Level 2.1 Maces & Flails
 - Level 3.2 Armour
 + Level 3.5 Shields


You couldn't memorise any spells.
You didn't know any spells.
Your spell library was empty.

Dungeon Overview and Level Annotations

Branches:
Dungeon (1/15)

Altars:

Shops:
D:1 ?


Message History

No target in view!
No target in view!
No target in view!
No target in view!
No target in view!
No target in view!
No target in view!
No target in view!
No target in view!
No target in view!
No target in view!
No target in view!
No target in view!
No target in view!
No target in view!
No target in view!
No target in view!
No target in view!
No target in view!
No target in view!
Saving game... please wait.
Welcome back, Coin the Hill Orc Fighter.
Press ? for a list of commands and other information.
Welcome back, Coin the Hill Orc Fighter.
Press ? for a list of commands and other information.
Welcome back, Coin the Hill Orc Fighter.
Press ? for a list of commands and other information.
Welcome back, Coin the Hill Orc Fighter.
Press ? for a list of commands and other information.
Welcome back, Coin the Hill Orc Fighter.
Press ? for a list of commands and other information.
Welcome back, Coin the Hill Orc Fighter.
Press ? for a list of commands and other information.
Welcome back, Coin the Hill Orc Fighter.
Press ? for a list of commands and other information.
Welcome back, Coin the Hill Orc Fighter.
Press ? for a list of commands and other information.
Welcome back, Coin the Hill Orc Fighter.
Press ? for a list of commands and other information.
Are you sure you want to abandon this character and quit the game? (Confirm with "yes".)

##.....## #....# .#
........###.......##
#......##...###...#
##..hh...##...#
#...........###.#
......#.............
...........#..#####.
..###..###.+†+## .#
. #.. #.+@+.## ....
#.. #.++'..#..# #..
###......# #.
####......##
..##.[..###...##
..........#......
...#####.....##..
#.#######.###...#.
#..........# #..#


There were no monsters in sight!

Vanquished Creatures
  4 jackals (D:1)
  A frilled lizard (D:1)
5 creatures vanquished.

Notes
Turn   | Place    | Note
-------+----------+-------------------------------------------
     0 | D:1      | Coin the Hill Orc Fighter began the quest for the Orb.
     0 | D:1      | Reached XP level 1. HP: 19/19 MP: 1/1
    16 | D:1      | Found Duhoptyrgh's Magic Scroll Emporium.
    57 | D:1      | Reached skill level 4 in Fighting
    57 | D:1      | Upgraded the game from 0.31-a0-1009-g454b1f1 to
                  | 0.31-a0-1010-g5322dac
    57 | D:1      | Quit the game

Illustrated notes

Levels and vault maps discovered:
D:1:      dpeg_arrival_windows_large_door, layout_rooms, serial_shops,
          nicolae_shop_tiny_real_fake_doors,
          shapermc_ecumenical_altar_starsandcircs

Skill      XL: |  1 |
---------------+----+-----
Fighting       | 4 |  4.0
Maces & Flails | |  2.1
Armour         | |  3.2
Shields        | |  3.5

Action                     || total
---------------------------++-------
  Melee: Flail             ||    21
 Armour: Scale mail        ||    17
  Dodge: Dodged            ||    13
  Block: Buckler           ||     4

Table legend: (Time is in decaauts)
 A = Elapsed time spent in this place.
 B = Non-inter-level travel time spent in this place.
 C = Inter-level travel time spent in this place.
 D = Time resting spent in this place.
 E = Time spent auto-exploring this place.
 F = Levels seen in this place.
 G = Mean time per level.
                   A        B        C        D        E       F      G
               +--------+--------+--------+--------+--------+-----+--------+
         Total |     63 |     63 |      0 |      0 |     20 |   1 |   63.0 |
       Dungeon |     63 |     63 |      0 |      0 |     20 |   1 |   63.0 |
               +--------+--------+--------+--------+--------+-----+--------+

Top non-repeatable levels by time:
     D:1: 63 daAuts
